 Dungeon Crawl Stone Soup version 0.28.0-56-g4927b6849a (webtiles) character file.

Game seed: 156121283108545180

39 cbfl8 the Poker (level 3, -4/27 HPs)
             Began as a Demonspawn Gladiator on Jan 27, 2023.
             Slain by Terence
             ... wielding a +0 short sword
              (7 damage)
             ... on level 1 of the Dungeon.
             The game lasted 00:01:32 (1069 turns).

cbfl8 the Poker (Demonspawn Gladiator)              Turns: 1069, Time: 00:01:33

Health: -4/27      AC:  4    Str: 16    XL:     3   Next: 28%
Magic:  3/3        EV: 12    Int:  9    God:
Gold:   35         SH:  0    Dex: 14    Spells: 2/2 levels left

rFire   . . .      SeeInvis .   a - +0 trident
rCold   . . .      Faith    .   (no shield)
rNeg    . . .      Spirit   .   b - +0 leather armour
rPois   .          Reflect  .   (helmet restricted)
rElec   .          Harm     .   i - +0 cloak
rCorr   .          Rampage  .   (no gloves)
Will    .....                   (no boots)
Stlth   +.........              (no amulet)
HPRegen 0.09/turn               (no ring)
MPRegen 0.08/turn               (no ring)

@: weak-willed, flying
A: antennae 2
a: no special abilities


You were on level 1 of the Dungeon.
You visited 1 branch of the dungeon, and saw 2 of its levels.

You collected 35 gold pieces.

Inventory:

Hand Weapons
 a - a +0 trident (weapon)
Missiles
 d - 3 throwing nets (quivered)
Armour
 b - a +0 leather armour (worn)
 i - a +0 cloak (worn)
Jewellery
 c - a ring of fire
Scrolls
 e - 2 scrolls of vulnerability
 f - a scroll of identify {unknown}
 h - a scroll of blinking {unknown}
Potions
 j - a potion of invisibility


   Skills:
 * Level 2.0 Fighting
 * Level 3.4 Polearms
 - Level 1.8 Throwing
 + Level 0.2 Armour
 + Level 2.9 Dodging
 + Level 1.2 Stealth
 * Level 0.3 Evocations


You had 2 spell levels left.
You didn't know any spells.
Your spell library was empty.

Dungeon Overview and Level Annotations

Branches:
Dungeon (2/15)

Altars:
Wu Jian

Annotations:
D:1 Terence


Innate Abilities, Weirdness & Mutations

You have a pair of antennae on your head.


Message History

There are monsters nearby!
The goblin shouts!
You hit Terence.
Terence is lightly wounded.
Terence hits you with a +0 short sword.
You hit Terence but do no damage.
Terence is lightly wounded.
Terence hits you with a +0 short sword. Terence hits you but does no damage.
You hit Terence.
Terence is moderately wounded.
Terence hits you with a +0 short sword.
You hit Terence.
Terence is heavily wounded.
Terence hits you with a +0 short sword!
You hit Terence but do no damage.
Terence is heavily wounded.
Terence hits you with a +0 short sword.
* * * LOW HITPOINT WARNING * * *
It was a potion of flight.
You feel very buoyant.
You fly up into the air.
Terence hits you with a +0 short sword.
* * * LOW HITPOINT WARNING * * *
It was a potion of invisibility.
You fade into invisibility!
Terence hits you with a +0 short sword.
* * * LOW HITPOINT WARNING * * *
Terence says, "Don't bother to defend, it's pointless."
There is a stone staircase leading up here.
You flicker for a moment.
There is a stone staircase leading up here.
Terence misses you.
The quokka bites you but does no damage.
You fly upwards.
There is a stone staircase leading down here.
You flicker back into view.
The quokka twitches its whiskers.
As you read the scroll labelled ERY SUOV CEPTO, it crumbles to dust.
Magic quickly surges around you.
It was a scroll of vulnerability.
Terence hits you with a +0 short sword!
You die...

#..# #..# #..#
#..# ##.#
###.#####
#..>....#####
#...r...#...#
#.####@@#.#.###
#.............#
###.###.....#.#.#
#...# #....##.#.#
##### ######....#
####.# #.# #.#
###


You could see Terence (weak-willed) and a quokka (weak-willed).

Vanquished Creatures
  2 dart slugs
  2 ball pythons (D:1)
  4 bats (D:1)
  4 endoplasms
  A giant cockroach (D:1)
  3 goblins (D:1)
  2 hobgoblins (D:1)
  2 jackals (D:1)
  6 kobolds
  5 rats (D:1)
31 creatures vanquished.

Notes
Turn   | Place    | Note
-------+----------+-------------------------------------------
     0 | D:1      | cbfl8 the Demonspawn Gladiator began the quest for the Orb.
     0 | D:1      | Reached XP level 1. HP: 16/16 MP: 1/1
   134 | D:1      | Gained mutation: You have a pair of small antennae on your
                  | head. [demonic ancestry]
   134 | D:1      | Reached XP level 2. HP: 21/22 MP: 2/2
   171 | D:1      | Reached skill level 3 in Polearms
   358 | D:1      | Reached skill level 1 in Stealth
   665 | D:1      | Gained mutation: You have a pair of antennae on your head.
                  | [demonic ancestry]
   665 | D:1      | Reached XP level 3. HP: 27/27 MP: 3/3
  1025 | D:2      | Found an ornate altar of the Wu Jian Council.
  1033 | D:2      | Noticed Terence
  1046 | D:2      | HP: 1/27 [Terence/+0 short sword (4)]
  1069 | D:1      | Slain by Terence

Illustrated notes

Levels and vault maps discovered:
D:1:      noname_arrival_rooms_in_the_neighbourhood, layout_basic,
          minmay_box_of_dots
D:2:      layout_rooms, basic_altar, st_stairs_8, hangedman_decor_push,
          uniq_terence

Skill      XL: |  1  2 |
---------------+-------+-----
Polearms       | 3 |  3.4
Stealth        | 1 |  1.2
Fighting       | |  2.0
Throwing       | |  1.8
Armour         | |  0.2
Dodging        | |  2.9
Evocations     | |  0.3

Action                   || total
-------------------------++-------
Melee: Trident           ||   105
  Use: Potion            ||     2
       Scroll            ||     1
 Stab: Sleeping          ||     7
Armor: Leather armour    ||    50
Dodge: Dodged            ||    60
